 Dungeon Crawl Stone Soup version 0.21-a0-349-g0c35859 (webtiles) character file.

2830 Ijustatesigmund the Cutter (level 9, 0/48 HPs)
             Began as a Vine Stalker Fighter on Oct 6, 2017.
             Slain by Rhok's ghost (4 damage)
             ... on level 8 of the Dungeon on Oct 8, 2017.
             The game lasted 00:16:56 (6751 turns).

Ijustatesigmund the Cutter (Vine Stalker Fighter)   Turns: 6751, Time: 00:16:57

Health: 0/48       AC:  8    Str: 24    XL:     9   Next: 73%
Magic:  0/10       EV: 11    Int: 12    God:
Gold:   472        SH: 11    Dex: 17    Spells: 8/8 levels left

rFire    . . .     SeeInvis +   a - +1 rapier
rCold    . . .     Gourm    .   c - +0 shield
rNeg     . . .     Faith    .   b - +1 leather armour of Qazlal's Pride {SInv}
rPois    .         Spirit   +   (no helmet)
rElec    .         Reflect  .   n - +0 cloak
rCorr    .         Harm     .   s - +0 pair of gloves
MR       +....                  q - +0 pair of boots
Stlth    +++.......             o - amulet of guardian spirit
HPRegen  0.56/turn              H - +4 ring of intelligence
MPRegen  0.12/turn              (no ring)

@: mighty, drained, invisible
A: fangs 3, regeneration 1, magic shield, antimagic bite, no potion heal 3, rot
immunity
a: no special abilities


You were on level 8 of the Dungeon.
You were not hungry.

You visited 1 branch of the dungeon, and saw 8 of its levels.

You collected 472 gold pieces.

Inventory:

Hand Weapons
 a - a +1 rapier (weapon)
 F - the +0 hand crossbow of Cosseugo {elec, +Blink rPois, unknown}
   (You found it on level 7 of the Dungeon)

   It charges the ammunition it shoots with electricity; occasionally upon a
   hit, such missiles may discharge and cause terrible harm.
   It protects you from poison.
   It lets you blink.
 J - a cursed +3 falchion
Missiles
 k - 6 javelins
 L - 7 poisoned javelins (quivered)
Armour
 b - the +1 leather armour of Qazlal's Pride (worn) {SInv}
   (You found it on level 5 of the Dungeon)

   It lets you see invisible.
 c - a +0 shield (worn)
 n - a +0 cloak (worn)
 q - a +0 pair of boots (worn)
 s - a +0 pair of gloves (worn)
Jewellery
 o - an amulet of guardian spirit (around neck)
 A - an uncursed ring of ice
 B - an uncursed ring of see invisible
 H - a +4 ring of intelligence (left hand)
Wands
 d - a wand of acid (8/15)
 h - a wand of digging (3/24)
 l - a wand of flame (31/48)
 v - a wand of paralysis (7/24)
 w - a wand of clouds (4/9)
 E - a wand of flame (22/48)
 I - a wand of paralysis (9/24)
Scrolls
 g - a scroll of amnesia
 m - a scroll of teleportation
 r - 2 scrolls of magic mapping
 u - 3 scrolls of identify
 y - 2 scrolls of recharging
 z - a scroll of fog
 K - a scroll of remove curse
Potions
 e - 5 potions of curing
 p - a potion of flight
 G - 2 potions of might
Books
 t - a book of Cantrips

   Spells                             Type                      Level
   a - Confusing Touch                Hexes                        1
   b - Animate Skeleton               Necromancy                   1
   c - Summon Small Mammal            Summoning                    1
   d - Apportation                    Translocation                1
Comestibles
 f - 8 bread rations
 i - 3 royal jellies
 j - 8 fruits
 x - 2 meat rations


   Skills:
 + Level 6.3(6.1) Fighting
 + Level 7.1(6.9) Short Blades
 + Level 4.5(4.3) Armour
 + Level 3.6(3.4) Dodging
 - Level 4.3(4.1) Stealth
 + Level 5.0(4.8) Shields


You had 8 spell levels left.
You didn't know any spells.

Dungeon Overview and Level Annotations

Branches:
Dungeon (8/15)             Temple (0/1) D:7
   Lair: D:8-11

Altars:
Ashenzari
Fedhas
Qazlal
Sif Muna
Vehumet
Wu Jian
Zin

Shops:
D:7 *

Annotations:
D:6 Blork the orc
D:7 Joseph
D:8 Rhok's ghost, novice GnWn


Innate Abilities, Weirdness & Mutations

You have razor-sharp teeth.
Your natural rate of healing is unusually fast.
When hurt, damage is shared between your health and your magic reserves.
Your bite disrupts and absorbs the magic of your enemies.
Potions cannot restore your health.
You are immune to rotting.


Message History

You bite Rhok's ghost, but do no damage.
Rhok's ghost is moderately damaged.
Rhok's ghost hits you. Rhok's ghost freezes you.
You puncture Rhok's ghost!
Rhok's ghost is heavily damaged.
Rhok's ghost hits you!
* * * LOW HITPOINT WARNING * * *
Rhok's ghost freezes you.
* * * LOW HITPOINT WARNING * * *
You puncture Rhok's ghost! Your bite misses Rhok's ghost.
Rhok's ghost is severely damaged.
You block Rhok's ghost's attack. Rhok's ghost hits you.
* * * LOW HITPOINT WARNING * * *
Rhok's ghost freezes you.
* * * LOW HITPOINT WARNING * * *
Okay, then.
You fade into invisibility!
Rhok's ghost hits you.
You die...

#.#####.###..# ###
#.#.# #.# #..# #..
#.#.# #.# #..# #..
##.#.#####.###..# #..
#...........##..# #..
#.........#. #..# #..
#.........#. #..# #..
#.........##.#..# #..
#......W@.# ###
#...............
######.##.....##....
#. #...............
#..# #..
#.####.###########..#
#.. #...........#.>#
#.. ###########.#..#
#.. #.#..# #.#..#


You could see Rhok's ghost.

Vanquished Creatures
  Grinder (D:5)
  A spriggan (D:7)
  Sigmund (D:4)
  The ghost of vishdafish the Poker, an amateur DsSk (D:3)
  The ghost of Furikabute the Skirmisher, an amateur GrFi (D:4)
  Duvessa (D:6)
  2 sky beasts
  A phantom (D:6)
  3 ogres
  2 centaurs
  A bullfrog (D:7)
  A gnoll sergeant (D:7)
  Dowan (D:6)
  A wight (D:8)
  3 howler monkeys
  4 crimson imps
  2 hounds (D:7)
  Crazy Yiuf (D:2)
  2 orc priests
  2 iguanas
  2 orc wizards (D:5)
  A bullfrog skeleton (D:5)
  Jessica (D:2)
  2 centaur skeletons
  Ijyb (D:3)
  4 worker ants
  A hound zombie (D:7)
  2 hound skeletons
  A worker ant zombie (D:3)
  3 gnolls
  11 adders
  2 shadow imps
  An ooze (D:2)
  A worm (D:3)
  2 dart slugs
  3 leopard geckos
  29 orcs
  6 bats
  3 giant cockroaches
  8 goblins
  4 hobgoblins
  6 jackals
  5 kobolds
  4 quokkas
  4 frilled lizards
  6 rats
145 creatures vanquished.

Notes
Turn   | Place    | Note
-------+----------+-------------------------------------------
     0 | D:1      | Ijustatesigmund the Vine Stalker Fighter began the quest for the Orb.
     0 | D:1      | Reached XP level 1. HP: 11/11 MP: 2/2
    26 | D:1      | Reached skill level 2 in Short Blades
   461 | D:1      | Reached XP level 2. HP: 15/16 MP: 3/3
  1381 | D:2      | Found a glowing silver altar of Zin.
  1400 | D:2      | Reached XP level 3. HP: 20/20 MP: 4/4
  1688 | D:2      | Noticed Jessica
  1690 | D:2      | Killed Jessica
  1690 | D:2      | Reached skill level 3 in Short Blades
  1690 | D:2      | Gained mutation: Your natural rate of healing is unusually fast. [Vine Stalker growth]
  1690 | D:2      | Reached XP level 4. HP: 24/24 MP: 5/5
  1965 | D:2      | Found a runed door.
  1969 | D:2      | Noticed Crazy Yiuf
  1983 | D:2      | Killed Crazy Yiuf
  1983 | D:2      | Reached skill level 1 in Stealth
  2083 | D:2      | Found a blossoming altar of Fedhas.
  2083 | D:2      | Found a deep blue altar of Sif Muna.
  2287 | D:3      | Noticed vishdafish's ghost (amateur DsSk)
  2304 | D:3      | Killed vishdafish's ghost
  2304 | D:3      | Reached skill level 4 in Short Blades
  2304 | D:3      | Reached XP level 5. HP: 21/29 MP: 4/6
  2310 | D:3      | Reached XP level 6. HP: 26/33 MP: 7/7
  2940 | D:4      | Noticed Furikabute's ghost (amateur GrFi)
  3051 | D:4      | Noticed Sigmund
  3065 | D:4      | Killed Sigmund
  3065 | D:4      | Reached skill level 5 in Short Blades
  3065 | D:4      | Reached XP level 7. HP: 36/38 MP: 8/8
  3146 | D:4      | Found a radiant altar of Vehumet.
  3161 | D:4      | Killed Furikabute's ghost
  3339 | D:4      | Noticed Ijyb
  3388 | D:3      | Killed Ijyb
  3700 | D:5      | Entered Level 5 of the Dungeon
  3719 | D:5      | Reached skill level 1 in Dodging
  3719 | D:5      | Gained mutation: You have razor-sharp teeth. [Vine Stalker growth]
  3719 | D:5      | Reached XP level 8. HP: 34/42 MP: 7/9
  3751 | D:5      | Reached skill level 5 in Fighting
  3792 | D:5      | Found a shattered altar of Ashenzari.
  3810 | D:5      | Noticed Grinder
  3825 | D:5      | Killed Grinder
  3825 | D:5      | Reached skill level 6 in Short Blades
  3861 | D:5      | Got a brightly glowing leather armour
  3867 | D:5      | Identified the +1 leather armour of Qazlal's Pride {SInv} (You found it on level 5 of the Dungeon)
  4843 | D:6      | Noticed Dowan
  4844 | D:6      | Noticed Duvessa
  4853 | D:6      | Noticed Blork the orc
  4854 | D:6      | Killed Duvessa
  4854 | D:6      | Reached XP level 9. HP: 36/47 MP: 10/10
  4911 | D:6      | Killed Dowan
  5263 | D:7      | Got a jewelled hand crossbow
  5318 | D:7      | Found Kemasas's Elemental Accessories.
  5396 | D:7      | Found a stormy altar of Qazlal.
  5908 | D:7      | Found a staircase to the Ecumenical Temple.
  5960 | D:7      | Upgraded the game from 0.21-a0-348-ga060c75 to 0.21-a0-349-g0c35859
  6145 | D:7      | Noticed Joseph
  6149 | D:7      | HP: 1/48 [Joseph/sling bullet (3)]
  6425 | D:8      | Reached skill level 7 in Short Blades
  6450 | D:8      | Found an ornate altar of the Wu Jian Council.
  6641 | D:8      | Reached skill level 5 in Shields
  6736 | D:8      | Noticed Rhok's ghost (novice GnWn)
  6751 | D:8      | Slain by Rhok's ghost

Vault maps used:
D:1:      dpeg_arrival_boxorama
D:2:      lemuel_crystal_altar, gammafunk_temple_overflow_statue,
          grunt_decor_arrowhead, uniq_crazy_yiuf_cottage, uniq_jessica
D:4:      vehumet_altar_wand_db, uniq_ijyb, uniq_sigmund
D:5:      evilmike_ruin_ashenzari, first_bread, uniq_grinder
D:6:      uniq_duvessa, uniq_blork_the_orc
D:7:      lemuel_crystal_altar, nicolae_overflow_hidden_temple, temple_doors_e,
          the_bakery, nicolae_elemental_shop, uniq_joseph
D:8:      overflow_temple_1_default, overflow_temple_1_default,
          old_standard_altar, kennysheep_potato

Skill      XL: |  1  2  3  4  5  6  7  8  9 |
---------------+----------------------------+-----
Short Blades   | 2 3 4 5 6 7 |  7.1
Fighting       | 3 4 5 6 |  6.3
Stealth        | 2 3 4 |  4.3
Dodging        | 1 2 3 |  3.6
Shields        | 3 4 5 |  5.0
Armour         | 3 4 |  4.5

Action                   |  1- 3 |  4- 6 |  7- 9 || total
-------------------------+-------+-------+-------++-------
Melee: Rapier            |    60 |   155 |   231 ||   446
       Bite              |    17 |    52 |   162 ||   231
       Dagger            |       |       |   156 ||   156
Throw: Javelin           |     1 |     4 |     2 ||     7
  Use: Scroll            |     3 |     4 |     9 ||    16
       Potion            |     2 |     5 |     8 ||    15
 Stab: Sleeping          |       |       |     7 ||     7
       Distracted        |       |       |     1 ||     1
  Eat: Chunk             |     2 |     3 |     3 ||     8
       Fruit             |       |     2 |    11 ||    13
Armor: Scale mail        |    25 |    49 |       ||    74
       Chain mail        |       |    10 |    31 ||    41
       Leather armour    |       |       |    66 ||    66
Dodge: Dodged            |    16 |    32 |   106 ||   154
Block: Shield            |    32 |    73 |   152 ||   257

Table legend:
 A = Spawn XP
 B = Non-spawn XP
 C = Spawn XP percentage of total XP
 D = Spawn monster count
 E = Non-spawn monster count
 F = Spawn count percentage of total count
 G = Total turns spent on level
                    A         B        C        D         E        F      G
               +---------+---------+-------+---------+---------+-------+---------
         Total |       0 |    4043 |   0.0 |       0 |     145 |   0.0 |  6751
               +---------+---------+-------+---------+---------+-------+---------
           D:1 |       0 |      23 |   0.0 |       0 |      12 |   0.0 |  1164
           D:2 |       0 |     112 |   0.0 |       0 |      12 |   0.0 |  1121
           D:3 |       0 |     451 |   0.0 |       0 |      36 |   0.0 |   789
           D:4 |       0 |     535 |   0.0 |       0 |      10 |   0.0 |   626
           D:5 |       0 |    1002 |   0.0 |       0 |      22 |   0.0 |   887
           D:6 |       0 |     702 |   0.0 |       0 |      19 |   0.0 |   560
           D:7 |       0 |     745 |   0.0 |       0 |      25 |   0.0 |  1125
           D:8 |       0 |     473 |   0.0 |       0 |       9 |   0.0 |   479
               +---------+---------+-------+---------+---------+-------+---------
